EL
NEW HAMPSHIRE FISHER CATS @ FRISCO ROUGHRIDERS
10/14/2049
 
TOP OF THE 1ST
University of Nebraska Cornhuskers batting - Pitching for Louisiana State University Tigers : RHP Bobby Hanson
Pitching: RHP Bobby Hanson
Batting: LHB Mike Rawson 0-0: Swinging Strike
0-1: DOUBLE (Flyball, 78D, EV 107.5 MPH)
Batting: RHB Carlos Salazar 0-0: Called Strike
0-1: Foul Ball, location: 2F
0-2: Fly out, F8 (Line Drive, 89M, EV 88.8 MPH)
Batting: RHB Chris Anthony 0-0: Ball
1-0: Ball
2-0: Ball
3-0: Called Strike
3-1: Called Strike
3-2: Base on Balls
Batting: LHB Bob Appleby 0-0: Ball
1-0: Ball
2-0: Called Strike
2-1: Called Strike
2-2: Foul Ball, location: 2F
2-2: Ball
3-2: Foul Ball, location: 2F
3-2: Foul Ball, location: 2F
3-2: Fly out, F4 (Popup, 34S, EV 81.2 MPH)
Batting: RHB Mario Lopec 0-0: Ball
1-0: Ball
2-0: Foul Ball, location: 2F
2-1: Ground out 6-3 (Groundball, 56, EV 99.4 MPH)
Top of the 1st over - 0 runs, 1 hit, 0 errors, 2 left on base; University of Nebraska 0 - Louisiana State University 0
BOTTOM OF THE 1ST
Louisiana State University Tigers batting - Pitching for University of Nebraska Cornhuskers : RHP Reshid Menderes
Pitching: RHP Reshid Menderes
Batting: LHB Elijah Mallandain 0-0: Swinging Strike
0-1: Called Strike
0-2: Strikes out looking
Batting: RHB Bernie Benavides 0-0: Ball
1-0: Swinging Strike
1-1: Swinging Strike
1-2: Ball
2-2: Ground out 6-3 (Groundball, 6, EV 100.6 MPH)
Batting: RHB Stewart Walker 0-0: Called Strike
0-1: Ball
1-1: Swinging Strike
1-2: Strikes out swinging
Bottom of the 1st over - 0 runs, 0 hits, 0 errors, 0 left on base; University of Nebraska 0 - Louisiana State University 0
TOP OF THE 2ND
University of Nebraska Cornhuskers batting - Pitching for Louisiana State University Tigers : RHP Bobby Hanson
Batting: SHB Kent Worboys 0-0: Called Strike
0-1: DOUBLE (Flyball, 8LXD, EV 107.5 MPH)
Batting: LHB Alfonso Escalante 0-0: Called Strike
0-1: Ball
1-1: Ball
2-1: Foul Ball, location: 2F
2-2: Ball
3-2: Ground out 4-3 (Groundball, 4, EV 82.5 MPH)
Kent Worboys to third
Batting: RHB Danny Forbes 0-0: Called Strike
0-1: Foul Ball, location: 2F
0-2: Ball
1-2: Fly out, F7 (Flyball, 7, EV 79.4 MPH)
Batting: RHB Will England 0-0: Swinging Strike
0-1: Ball
1-1: Foul Ball, location: 2F
1-2: Foul Ball, location: 2F
1-2: Strikes out looking
Top of the 2nd over - 0 runs, 1 hit, 0 errors, 1 left on base; University of Nebraska 0 - Louisiana State University 0
BOTTOM OF THE 2ND
Louisiana State University Tigers batting - Pitching for University of Nebraska Cornhuskers : RHP Reshid Menderes
Batting: RHB Keith Ashton 0-0: Ball
1-0: SINGLE (Line Drive, 8LS, EV 103.1 MPH)
Batting: LHB Oscar Rivera 0-0: Ball
1-0: Ball
2-0: Foul Ball, location: 2F
2-1: Ball
Wild Pitch!
Keith Ashton to second
3-1: Swinging Strike
3-2: Foul Ball, location: 2F
3-2: Strikes out swinging
Batting: RHB David Olivarez 0-0: Called Strike
0-1: Foul Ball, location: 2F
0-2: Ball
1-2: DOUBLE (Groundball, 5L, EV 101.9 MPH)
Keith Ashton scores
Batting: LHB Matt Ellington 0-0: Ball
1-0: Swinging Strike
1-1: Swinging Strike
1-2: Strikes out swinging
Batting: LHB Manny Grado 0-0: Called Strike
0-1: Called Strike
0-2: Ground out 6-3 (Groundball, 6, EV 107.5 MPH)
Bottom of the 2nd over - 1 run, 2 hits, 0 errors, 1 left on base; University of Nebraska 0 - Louisiana State University 1
TOP OF THE 3RD
University of Nebraska Cornhuskers batting - Pitching for Louisiana State University Tigers : RHP Bobby Hanson
Batting: LHB Mike Rawson 0-0: Ball
1-0: Foul Ball, location: 2F
1-1: Foul Ball, location: 2F
1-2: Ground out 4-3 (Groundball, 4, EV 108.1 MPH)
Batting: RHB Carlos Salazar 0-0: Ball
1-0: Fly out, F3 (Line Drive, 3L, EV 67.5 MPH)
Batting: RHB Chris Anthony 0-0: Ball
1-0: Ball
2-0: Called Strike
2-1: Ground out 6-3 (Groundball, 6M, EV 80.0 MPH)
Top of the 3rd over - 0 runs, 0 hits, 0 errors, 0 left on base; University of Nebraska 0 - Louisiana State University 1
BOTTOM OF THE 3RD
Louisiana State University Tigers batting - Pitching for University of Nebraska Cornhuskers : RHP Reshid Menderes
Batting: RHB Byung-hee Jee 0-0: Fly out, F5 (Popup, 15, EV 79.4 MPH)
Batting: LHB Elijah Mallandain 0-0: Foul Ball, location: 2F
0-1: Foul Ball, location: 2F
0-2: Ground out U3 (Groundball, 34S, EV 84.4 MPH)
Batting: RHB Bernie Benavides 0-0: Called Strike
0-1: Ball
1-1: Foul Ball, location: 2F
1-2: Ball
2-2: Foul Ball, location: 2F
2-2: Strikes out swinging
Bottom of the 3rd over - 0 runs, 0 hits, 0 errors, 0 left on base; University of Nebraska 0 - Louisiana State University 1
TOP OF THE 4TH
University of Nebraska Cornhuskers batting - Pitching for Louisiana State University Tigers : RHP Bobby Hanson
Batting: LHB Bob Appleby 0-0: Called Strike
0-1: Foul Ball, location: 2F
0-2: Ground out 6-3 (Groundball, 6, EV 100.0 MPH)
Batting: RHB Mario Lopec 0-0: SINGLE (Line Drive, 8LS, EV 106.9 MPH)
Batting: SHB Kent Worboys 0-0: Called Strike
Mario Lopec steals 2nd base
0-1: Ball
Wild Pitch!
Mario Lopec to third
1-1: Ball
2-1: Ground out 5-3 (Groundball, 5, EV 85.0 MPH)
Batting: LHB Alfonso Escalante 0-0: Swinging Strike
0-1: Foul Ball, location: 2F
0-2: Ball
1-2: Foul Ball, location: 2F
1-2: Strikes out swinging
Top of the 4th over - 0 runs, 1 hit, 0 errors, 1 left on base; University of Nebraska 0 - Louisiana State University 1
BOTTOM OF THE 4TH
Louisiana State University Tigers batting - Pitching for University of Nebraska Cornhuskers : RHP Reshid Menderes
Batting: RHB Stewart Walker 0-0: Foul Ball, location: 2F
0-1: Called Strike
0-2: Ball
1-2: Ball
2-2: Fly out, F2 (Popup, 23F, EV 86.2 MPH)
Batting: RHB Keith Ashton 0-0: Swinging Strike
0-1: Ball
1-1: Fly out, F8 (Flyball, 8RM, EV 81.2 MPH)
Batting: LHB Oscar Rivera 0-0: Ball
1-0: Ball
2-0: Called Strike
2-1: Ball
3-1: Base on Balls
Batting: RHB David Olivarez 0-0: Ball
1-0: Ball
2-0: Ball
3-0: Called Strike
3-1: Reached on error, E3 (Groundball, 3, EV 101.9 MPH)
Oscar Rivera to second
Batting: LHB Matt Ellington 0-0: Ball
1-0: Ball
2-0: Ball
3-0: Base on Balls
Oscar Rivera to third
David Olivarez to second
Batting: LHB Manny Grado 0-0: Ground out U3 (Groundball, 3S, EV 83.1 MPH)
Bottom of the 4th over - 0 runs, 0 hits, 1 error, 3 left on base; University of Nebraska 0 - Louisiana State University 1
TOP OF THE 5TH
University of Nebraska Cornhuskers batting - Pitching for Louisiana State University Tigers : RHP Bobby Hanson
Pinch Hitting: SHB Gary Luckwell 0-0: Foul Ball, location: 2F
0-1: Foul Ball, location: 2F
0-2: Strikes out swinging
Batting: RHB Will England 0-0: Swinging Strike
0-1: Foul Ball, location: 2F
0-2: Strikes out swinging
Batting: LHB Mike Rawson 0-0: Ball
1-0: Foul Ball, location: 2F
1-1: Ball
2-1: Fly out, F9 (Flyball, 9, EV 89.4 MPH)
Top of the 5th over - 0 runs, 0 hits, 0 errors, 0 left on base; University of Nebraska 0 - Louisiana State University 1
BOTTOM OF THE 5TH
Louisiana State University Tigers batting - Pitching for University of Nebraska Cornhuskers : RHP Reshid Menderes
Now at 3B: Mario Lopec
Now at SS: Tariq Garane
Batting: RHB Byung-hee Jee 0-0: Swinging Strike
0-1: Ball
1-1: Foul Ball, location: 2F
1-2: Strikes out swinging
Batting: LHB Elijah Mallandain 0-0: Swinging Strike
0-1: Foul Ball, location: 2F
0-2: Ball
1-2: Ball
2-2: Ground out 4-3 (Groundball, 4, EV 87.5 MPH)
Batting: RHB Bernie Benavides 0-0: Ground out 6-3 (Groundball, 6, EV 94.4 MPH)
Bottom of the 5th over - 0 runs, 0 hits, 0 errors, 0 left on base; University of Nebraska 0 - Louisiana State University 1
TOP OF THE 6TH
University of Nebraska Cornhuskers batting - Pitching for Louisiana State University Tigers : RHP Bobby Hanson
Batting: RHB Carlos Salazar 0-0: Ball
1-0: Ball
2-0: SINGLE (Groundball, 56D, EV 96.9 MPH)
Pitching: RHP Michael Koppers
Batting: RHB Chris Anthony 0-0: Ball
1-0: Swinging Strike
1-1: Called Strike
1-2: Ball
2-2: Strikes out swinging
Batting: LHB Bob Appleby 0-0: Called Strike
Carlos Salazar is caught stealing 2nd base 2-6
0-1: Ball
1-1: Ball
2-1: Foul Ball, location: 2F
2-2: Ground out U3 (Groundball, 34, EV 108.8 MPH)
Top of the 6th over - 0 runs, 1 hit, 0 errors, 0 left on base; University of Nebraska 0 - Louisiana State University 1
BOTTOM OF THE 6TH
Louisiana State University Tigers batting - Pitching for University of Nebraska Cornhuskers : RHP Reshid Menderes
Pitching: RHP Antonio Cruz
Batting: RHB Stewart Walker 0-0: Ball
1-0: Foul Ball, location: 2F
1-1: Swinging Strike
1-2: Foul Ball, location: 2F
1-2: SINGLE (Flyball, 78S, EV 98.1 MPH)
Batting: RHB Keith Ashton 0-0: SINGLE (Groundball, 5S, EV 71.2 MPH) (infield hit)
Stewart Walker to second
Batting: LHB Oscar Rivera 0-0: Swinging Strike
0-1: Foul Ball, location: 2F
0-2: Ball
1-2: Fly out, F8 (Flyball, 8RXD, EV 105.0 MPH)
Runner from 2nd tags up, SAFE at 3rd, no throw by CF
Batting: RHB David Olivarez 0-0: Ball
1-0: Ball
2-0: Ball
3-0: Called Strike
3-1: Swinging Strike
3-2: Foul Ball, location: 2F
3-2: SINGLE (Line Drive, 56D, EV 96.2 MPH)
Stewart Walker scores
Keith Ashton to second
Batting: LHB Matt Ellington 0-0: Ball
1-0: Swinging Strike
1-1: Foul Ball, location: 2F
1-2: Strikes out swinging
Batting: LHB Manny Grado 0-0: SINGLE (Groundball, 56S, EV 62.5 MPH) (infield hit)
Keith Ashton to third
David Olivarez to second
Batting: RHB Byung-hee Jee 0-0: Called Strike
0-1: Foul Ball, location: 2F
0-2: Ball
1-2: Ball
2-2: Strikes out swinging
Bottom of the 6th over - 1 run, 4 hits, 0 errors, 3 left on base; University of Nebraska 0 - Louisiana State University 2
TOP OF THE 7TH
University of Nebraska Cornhuskers batting - Pitching for Louisiana State University Tigers : RHP Michael Koppers
Batting: RHB Mario Lopec 0-0: Ground out U3 (Groundball, 3, EV 100.0 MPH)
Batting: SHB Kent Worboys 0-0: Ball
1-0: Called Strike
1-1: Ball
2-1: SOLO HOME RUN (Flyball, 9D, EV 96.9 MPH), Distance : 373 ft
Batting: LHB Alfonso Escalante 0-0: Called Strike
0-1: Ball
1-1: Ground out 4-3 (Groundball, 4, EV 105.0 MPH)
Batting: RHB Tariq Garane 0-0: Swinging Strike
0-1: Ball
1-1: Ball
2-1: Fly out, F7 (Line Drive, 78M, EV 93.1 MPH)
Top of the 7th over - 1 run, 1 hit, 0 errors, 0 left on base; University of Nebraska 1 - Louisiana State University 2
BOTTOM OF THE 7TH
Louisiana State University Tigers batting - Pitching for University of Nebraska Cornhuskers : RHP Antonio Cruz
Batting: LHB Elijah Mallandain 0-0: Called Strike
0-1: Ball
1-1: Foul Ball, location: 2F
1-2: Fly out, F7 (Flyball, 7LM, EV 85.0 MPH)
Batting: RHB Bernie Benavides 0-0: Called Strike
0-1: Ball
1-1: Ball
2-1: Ball
3-1: Base on Balls
Batting: RHB Stewart Walker 0-0: Ball
1-0: Ball
2-0: Ball
3-0: Swinging Strike
3-1: Swinging Strike
3-2: Fly out, F9 (Flyball, 9LM, EV 95.0 MPH)
Batting: RHB Keith Ashton 0-0: Ball
1-0: Ball
2-0: Called Strike
2-1: Ball
3-1: Base on Balls
Bernie Benavides to second
Pitching: RHP Tony Perez
Batting: LHB Oscar Rivera 0-0: Called Strike
0-1: Fly out, F7 (Line Drive, 7, EV 92.5 MPH)
Bottom of the 7th over - 0 runs, 0 hits, 0 errors, 2 left on base; University of Nebraska 1 - Louisiana State University 2
TOP OF THE 8TH
University of Nebraska Cornhuskers batting - Pitching for Louisiana State University Tigers : RHP Michael Koppers
Pitching: LHP Clyde Fisher
Batting: RHB Will England 0-0: Ball
1-0: Ground out 6-3 (Groundball, 56S, EV 63.1 MPH)
Batting: LHB Mike Rawson 0-0: Called Strike
0-1: Ball
1-1: Foul Ball, location: 2F
1-2: Ground out 1-3 (Groundball, 13S, EV 63.1 MPH)
Batting: RHB Carlos Salazar 0-0: Called Strike
0-1: Ball
1-1: Ball
2-1: Ball
3-1: Ground out 6-3 (Groundball, 56, EV 85.0 MPH)
Top of the 8th over - 0 runs, 0 hits, 0 errors, 0 left on base; University of Nebraska 1 - Louisiana State University 2
BOTTOM OF THE 8TH
Louisiana State University Tigers batting - Pitching for University of Nebraska Cornhuskers : RHP Tony Perez
Batting: RHB David Olivarez 0-0: Called Strike
0-1: Swinging Strike
0-2: Ball
1-2: Ball
2-2: Foul Ball, location: 2F
2-2: Strikes out swinging
Batting: LHB Matt Ellington 0-0: Foul Ball, location: 2F
0-1: Ball
1-1: Swinging Strike
1-2: Strikes out swinging
Batting: LHB Manny Grado 0-0: Foul Ball, location: 2F
0-1: Foul Ball, location: 2F
0-2: Ball
1-2: Fly out, F6 (Popup, 6M, EV 61.9 MPH)
Bottom of the 8th over - 0 runs, 0 hits, 0 errors, 0 left on base; University of Nebraska 1 - Louisiana State University 2
TOP OF THE 9TH
University of Nebraska Cornhuskers batting - Pitching for Louisiana State University Tigers : LHP Clyde Fisher
Batting: RHB Chris Anthony 0-0: Called Strike
0-1: Foul Ball, location: 2F
0-2: Strikes out swinging
Batting: LHB Bob Appleby 0-0: Ball
1-0: Called Strike
1-1: Swinging Strike
1-2: Strikes out swinging
Batting: RHB Mario Lopec 0-0: Swinging Strike
0-1: Called Strike
0-2: Strikes out swinging
Top of the 9th over - 0 runs, 0 hits, 0 errors, 0 left on base; University of Nebraska 1 - Louisiana State University 2
Sunday, July 16th , 2023 - OOTP Baseball 24.6 Build 69